 Dungeon Crawl Stone Soup version 0.26-a0-952-g76694b35de (webtiles) character file.

Game seed: 4470131039347459457

201668 gnollp the Gnoll Aeon (level 18, -30/140 HPs)
             Began as a Gnoll Ice Elementalist on Nov 29, 2020.
             Was the Champion of Cheibriados.
             Annihilated by a five-headed hydra simulacrum (32 damage)
             ... on level 4 of the Swamp on Nov 30, 2020.
             The game lasted 01:55:21 (49863 turns).

gnollp the Gnoll Aeon (Gnoll Ice Elementalist)     Turns: 49863, Time: 01:55:21

Health: -30/140    AC: 14    Str: 29    XL:     18   Next: 55%
Magic:  2/35       EV: 26    Int: 38    God:    Cheibriados [******]
Gold:   1898       SH: 16    Dex: 33    Spells: 19/43 levels left

rFire    + . .     SeeInvis .   I - +7 broad axe (flame)
rCold    . . .     Faith    +   N - +0 kite shield {reflect}
rNeg     . . .     Spirit   .   P - +2 ring mail {rF+}
rPois    +         Reflect  +   u - +2 hat
rElec    .         Harm     .   T - scarf {shadows}
rCorr    .         Rampage  .   S - +0 pair of gloves {Str+3}
MR       +....                  V - +0 pair of boots
Stlth    ++++++....             i - amulet of faith
HPRegen  0.33/turn              f - ring of poison resistance
MPRegen  0.24/turn              R - ring of wizardry

@: very slow
A: distributed training, fangs 1, strong nose
}: 1/15 runes: gossamer
a: Bend Time, Temporal Distortion, Slouch, Step From Time, Renounce Religion


You were on level 4 of the Swamp.
You worshipped Cheibriados.
Cheibriados was exalted by your worship.
You visited 6 branches of the dungeon, and saw 32 of its levels.
You also visited: Sewer and Ice Cave.

You collected 3147 gold pieces.
You spent 1249 gold pieces at shops.

Inventory:

Hand Weapons
 a - the +9 falchion of Malaise {pain, Dex+5}
   (You found it on level 1 of the Lair of Beasts)

   In the hands of one skilled in necromantic magic, it inflicts extra damage on
   living creatures.
   It affects your dexterity (+5).
 I - a +7 broad axe of flaming (weapon)
 J - the +2 great sword of Othruw {spect, rElec Int-2 Dex+6}
   (You bought it in a shop on level 1 of the Orcish Mines)

   It retains the spirit of the tree from which it was made.
   In the hands of one skilled in evocations this spirit is drawn out to fight
   along side the wielder.
   It affects your intelligence (-2).
   It affects your dexterity (+6).
   It insulates you from electricity.
Armour
 g - a +0 tower shield
 u - a +2 hat (worn)
 N - a +0 kite shield of reflection (worn)
 P - a +2 ring mail of fire resistance (worn)
 Q - the +1 helmet "Dan Gerr" {*Corrode rF+ rC+}
   (You found it on level 2 of the Swamp)

   It protects you from fire.
   It protects you from cold.
   It may corrode you when you take damage.
 S - a +0 pair of gloves of strength (worn)
 T - a scarf of shadows (worn)
 V - a +0 pair of boots (worn)
 X - a +2 cloak of stealth
Jewellery
 f - a ring of poison resistance (left hand)
 h - a cursed ring of teleportation {unknown}
 i - an amulet of faith (around neck)
 x - a +6 ring of intelligence {unknown}
 A - an uncursed ring of protection from magic
 F - a cursed amulet of regeneration
 H - an uncursed ring of see invisible
 L - an uncursed ring of protection from cold
 R - a ring of wizardry (right hand)
 Y - an uncursed ring of flight
 Z - an uncursed ring of protection from fire
Wands
 j - a wand of flame (18)
 r - a wand of iceblast (28)
 t - a wand of digging (8)
 O - a wand of polymorph (21)
 U - a wand of paralysis (9)
Scrolls
 b - 2 scrolls of brand weapon
 c - 3 scrolls of amnesia
 m - 16 scrolls of remove curse
 n - 4 scrolls of enchant armour
 p - a scroll of fog
 s - 5 scrolls of fear
 w - 11 scrolls of teleportation
 B - 3 scrolls of blinking
 E - a scroll of holy word
 M - a scroll of summoning
Potions
 d - 5 potions of cancellation
 e - 6 potions of flight {unknown}
 k - 2 potions of invisibility
 l - 5 potions of might {unknown}
 o - 2 potions of resistance
 q - 3 potions of mutation
 v - 10 potions of curing
 z - 4 potions of ambrosia
 C - 6 potions of degeneration {unknown}
 D - 10 potions of attraction {unknown}
 G - 3 potions of haste {unknown}
 K - 6 potions of lignification {unknown}
 W - 6 potions of brilliance {unknown}
Miscellaneous
 y - a phantom mirror


   Skills:
 + Level 12.2 Fighting
 + Level 12.2 Short Blades
 + Level 12.2 Long Blades
 + Level 12.2 Axes
 + Level 12.2 Maces & Flails
 + Level 12.2 Polearms
 + Level 12.2 Staves
 + Level 12.2 Slings
 + Level 12.2 Bows
 + Level 12.2 Crossbows
 + Level 12.2 Throwing
 + Level 12.2 Armour
 + Level 12.9 Dodging
 + Level 12.8 Stealth
 + Level 12.2 Shields
 + Level 12.2 Unarmed Combat
 + Level 13.0 Spellcasting
 + Level 10.5 Conjurations
 + Level 10.5 Hexes
 + Level 10.5 Summonings
 + Level 10.5 Necromancy
 + Level 10.5 Translocations
 + Level 10.5 Transmutations
 + Level 10.5 Fire Magic
 + Level 12.4 Ice Magic
 + Level 10.5 Air Magic
 + Level 10.5 Earth Magic
 + Level 10.5 Poison Magic
 + Level 13.2 Invocations
 + Level 12.2 Evocations


You had 19 spell levels left.
You knew the following spells:

 Your Spells              Type           Power        Failure   Level
a - Freeze                Ice            ####         0%          1
b - Frozen Ramparts       Ice            ######       1%          3
c - Summon Ice Beast      Ice/Summ       ######..     1%          4
d - Borgnjor's Vile Clut  Necr/Erth      ######....   1%          5
e - Freezing Cloud        Conj/Ice/Air   ######....   1%          6
f - Blink                 Tloc           N/A          1%          2
g - Tukima's Dance        Hex            ######..     1%          3

Your spell library contained the following spells:

 Spells                   Type           Power        Failure   Level
 Magic Dart               Conj           ####         1%          1
 Call Imp                 Summ           ######..     1%          2
 Poisonous Vapours        Pois/Air       ######       1%          2
 Searing Ray              Conj           ######       1%          2
 Slow                     Hex            ######..     1%          2
 Sublimation of Blood     Necr           ######....   1%          2
 Conjure Flame            Conj/Fire      ######..     1%          3
 Dazzling Flash           Conj/Hex       ######       1%          3
 Gell's Gravitas          Tloc           ######....   1%          3
 Ignite Poison            Fire/Tmut/Pois ######..     1%          3
 Lesser Beckoning         Tloc           ######....   1%          3
 Mephitic Cloud           Conj/Pois/Air  ######..     1%          3
 Ozocubu's Armour         Ice            ######..     1%          3
 Portal Projectile        Hex/Tloc       ######       1%          3
 Static Discharge         Conj/Air       ######..     1%          3
 Animate Dead             Necr           ######....   1%          4
 Fulminant Prism          Conj/Hex       ######....   1%          4
 Hailstorm                Conj/Ice       ######..     1%          4
 Iskenderun's Mystic Bla  Conj/Tloc      ######..     1%          4
 Petrify                  Tmut/Erth      ######..     1%          4
 Alistair's Intoxication  Tmut/Pois      ######...    1%          5
 Fireball                 Conj/Fire      ######....   1%          5
 Irradiate                Conj/Tmut      ######....   1%          5
 Lightning Bolt           Conj/Air       ######....   1%          5
 Simulacrum               Ice/Necr       ######....   1%          6
 Death Channel            Necr           ######....   2%          6
 Dispersal                Tloc           ######....   2%          6
 Eringya's Noxious Bog    Tmut/Pois      ######....   2%          6
 Starburst                Conj/Fire      ######....   2%          6
 Haunt                    Necr/Summ      ######....   12%         7
 Borgnjor's Revivificati  Necr           ######....   65%         8
 Disjunction              Tloc           ######....   65%         8
 Ignition                 Fire           ######....   65%         8
 Infestation              Necr           ######....   65%         8
 Necromutation            Tmut/Necr      ######....   65%         8
 Death's Door             Necr           ######....   100%        9
 Shatter                  Erth           ######....   100%        9
 Tornado                  Air            ######....   100%        9


Dungeon Overview and Level Annotations

Branches:
Dungeon (15/15)            Temple (1/1) D:7            Lair (6/6) D:9
  Swamp (4/4) Lair:4       Spider (4/4) Lair:2          Orc (2/2) D:9
    Elf (0/3) Orc:2        Vaults (0/5) D:14         Depths (0/5) D:15
  Sewer (visited)           IceCv (visited)
  Slime: Lair:5-6

Altars:
Ashenzari
Cheibriados
Dithmenos
Fedhas
Gozag
Hepliaklqana
Kikubaaqudgha
Makhleb
Okawaru
Qazlal
Ru
Sif Muna
Trog
Uskayaw
Vehumet
Wu Jian
Xom
Yredelemnul
Zin
The Shining One
Beogh

Shops:
D:12 *   Orc:1 (   Orc:2 ((*?

Annotations:
D:3 2 transporters
D:8 2 transporters, TheFalseGod1234's ghost, novice GnIE
Lair:2 1 runed translucent door, Elebi's ghost, journeyman DrTm
Lair:5 1 runed translucent door, Ribudoz's ghost, journeyman GnFi
Lair:6 exclusion: 3 oklob plants
Spider:1 2 transporters, Beorghan's ghost, adept MiBe
Orc:1 2 runed translucent doors, exclusion: orange crystal statue


Innate Abilities, Weirdness & Mutations

Your experience applies equally to all skills.
You have very sharp teeth.
Your uncanny sense of smell can sniff out nearby items.


Message History

The five-headed hydra simulacrum escapes!
The tyrant leech barely misses you.
Unknown command.
Casting: Borgnjor's Vile Clutch (mildly dangerous; 1% risk of failure)
Confirm with . or Enter, or press ? or * to list all spells.
Aiming: Borgnjor's Vile Clutch (mildly dangerous; 1% risk of failure)
Press: ? - help, Shift-Dir - straight line, f/p - five-headed hydra simulacrum
Aim: a five-headed hydra simulacrum (severely damaged, 0% to evade)
You feel a numb sensation.
Zombie hands grab the five-headed hydra simulacrum.
The zombie hands constrict the five-headed hydra simulacrum!
The tyrant leech bites you!!
* * * LOW HITPOINT WARNING * * *
The tyrant leech draws strength from your injuries!
You block the five-headed hydra simulacrum's attack.
The five-headed hydra simulacrum bites you but does no damage.
The five-headed hydra simulacrum bites you!
* * * LOW HITPOINT WARNING * * *
The five-headed hydra simulacrum freezes you!!
You die...

.≈≈≈≈≈≈≈≈≈§≈..≈..≈≈≈≈§≈§.≈.≈≈.≈♣≈
≈≈§≈§≈≈≈.≈.♣.≈≈≈≈≈≈≈≈≈≈≈.♣≈≈≈≈.≈♣
≈≈≈≈≈≈≈≈≈.♣♣§≈≈≈≈≈≈≈≈§≈≈.♣♣.≈≈≈≈.
♣≈♣≈≈≈≈.♣♣♣♣≈≈≈§≈≈§≈≈≈≈≈≈♣♣♣≈≈§≈.
.♣♣♣≈≈≈♣♣ ♣♣≈≈≈≈≈≈≈≈≈≈.≈♣ ♣♣≈≈≈.
≈≈♣≈≈≈≈♣ ♣♣.≈≈≈≈≈≈≈.≈♣♣ ♣♣≈≈.≈
§≈≈.≈≈≈♣♣ ♣.≈§.≈≈§≈.≈ ♣♣≈≈≈≈≈
..♣≈≈≈≈.♣♣ ♣♣♣.≈wZ.....♣ ♣≈≈≈≈≈≈
.≈≈..≈≈..♣♣♣....@♣♣♣♣..≈ ♣≈.≈≈..
♣.≈.♣≈....♣♣♣.♣♣♣♣ ♣♣♣♣≈≈.
♣≈....≈≈≈.♣ ♣♣♣ ∆ ♣....
♣♣.≈.≈≈)[.♣♣ ♣♣..≈ ♣♣♣..≈≈≈≈≈≈♣♣
♣... ♣♣.....≈≈≈≈.♣ ♣....≈≈
≈[§≈≈.≈.≈≈<♣♣ ..≈$.♣♣
.§≈≈≈.≈...♣♣ ♣Z.♣♣ ..≈.....≈♣♣♣
♣≈..


You could see a tyrant leech and a five-headed hydra simulacrum (clutched).

Vanquished Creatures
  Nikola (Swamp:1)
  Rupert (Lair:4)
  Agnes (D:14)
  Frances (Lair:2)
  A thorn hunter (Swamp:3)
  Gastronok (D:9)
  Donald (Swamp:1)
  An azure jelly (Swamp:3)
  A fenstrider witch (Swamp:4)
  A frost giant (D:15)
  2 ghost moths
  Louise (D:14)
  7 emperor scorpions (Spider:4)
  2 green draconians (Swamp:3)
  3 entropy weavers
  A spark wasp (Spider:4)
  3 bunyips (Swamp:3)
  3 eleionomae
  A blizzard demon (IceCv)
  A yaktaur captain (D:14)
  2 ghost crabs (Swamp:2)
  9 hydras
  4 boulder beetles
  A merfolk avatar (Lair:6)
  A death knight (D:14)
  4 alligators
  3 two-headed ogres
  2 catoblepae
  6 centaur warriors
  2 tengu warriors (D:13)
  A death yak (Lair:4)
  5 orc high priests (Orc:2)
  10 spriggans
  Nergalle (D:10)
  5 swamp dragons (Swamp:3)
  2 goliath frogs
  A wizard (D:14)
  5 spriggan druids
  6 bog bodies
  3 unseen horrors
  2 wolf spider zombies
  8 orc knights
  13 wolf spiders
  11 orb spiders
  A harpy (Lair:6)
  2 cyclopes
  A manticore (D:15)
  3 will-o-the-wisps
  2 orc sorcerers (Orc:1)
  4 moths of wrath
  3 elephants
  3 black mambas
  4 ice statues
  A torpor snail (Spider:4)
  A guardian serpent (D:14)
  2 centaur skeletons
  16 cane toads
  5 gargoyles
  3 freezing wraiths
  8 yaktaurs
  3 rime drakes
  10 demonic crawlers
  2 tengu conjurers (D:15)
  12 komodo dragons
  12 ice devils (IceCv)
  5 polar bears
  2 efreet (D:14)
  30 jumping spiders
  2 bloated husks
  A queen bee (Spider:3)
  3 meliai (Spider:3)
  Grinder (D:3)
  7 trolls
  11 hornets
  A harpy skeleton (D:14)
  10 tyrant leeches
  3 slime creatures (D:15)
  4 blink frogs
  7 dream sheep (Lair:6)
  Sigmund (D:5)
  32 tarantellas
  A water elemental (D:14)
  A shadow (D:15)
  2 vampires
  50 yaks
  88 redbacks
  A wraith (D:12)
  17 wyverns
  6 basilisks
  15 vampire mosquitoes
  4 swamp worm simulacra (Swamp:4)
  3 wargs (Orc:1)
  An acid dragon (D:11)
  2 soldier ants
  17 swamp worms
  Duvessa (D:7)
  4 hydra simulacra (Swamp:4)
  8 water moccasins
  3 swamp drakes
  4 sky beasts
  3 eyes of draining
  A meliai simulacrum (D:14)
  27 orc warriors
  8 ice beasts
  8 ogres
  A black bear (D:8)
  A necrophage (D:10)
  3 phantoms
  28 wolves
  13 centaurs
  A big kobold (D:10)
  A gnoll sergeant (D:8)
  14 bullfrogs
  2 wyvern zombies
  Dowan (D:7)
  A wyvern skeleton (D:11)
  4 scorpions
  27 killer bees
  42 wights
  7 electric eels
  5 howler monkeys
  3 centaur zombies
  4 hounds
  A quasit (D:8)
  2 bullfrog zombies (D:12)
  21 orc priests
  Crazy Yiuf (D:7)
  5 bullfrog skeletons
  A jelly (D:12)
  An iron imp (D:9)
  18 orc wizards
  8 worker ants
  Ijyb (D:4)
  2 iguanas
  8 hell rats
  2 hound zombies
  13 adders
  8 gnolls
  2 river rats (D:5)
  A shadow imp (D:7)
  10 white imps
  9 ufetubi
  12 oozes
  3 swamp drake simulacra (Swamp:4)
  2 adder skeletons
  9 worms
  5 dart slugs
  15 leopard geckos
  84 orcs
  7 ball pythons
  7 bats
  17 giant cockroaches
  12 goblins
  5 hobgoblins
  6 jackals
  5 quokkas
  14 frilled lizards
  2 goblin skeletons (D:9)
  A goblin zombie (D:9)
  5 hobgoblin zombies (D:9)
  11 kobolds
  2 kobold zombies (D:9)
  11 rats
  2 briar patches (Swamp:3)
1143 creatures vanquished.

Vanquished Creatures (collateral kills)
  7 hydras
  3 death yaks
  Sonja (Lair:2)
  A manticore (Lair:6)
  An elephant (Lair:6)
  3 komodo dragons
  A rime drake (Lair:6)
  A hornet (Lair:6)
  2 wyverns
  3 yaks
  A water moccasin (Lair:3)
  A hell hound (Lair:5)
  A wolf (Lair:4)
  2 bullfrogs (Sewer)
  A nameless horror (Lair:2)
  An adder (Sewer)
  A leopard gecko (Sewer)
  A ball python (Sewer)
32 creatures vanquished.

Vanquished Creatures (others)
  An orb spider (Spider:2)
  A jumping spider (Spider:4)
  A swamp worm (Swamp:4)
  A centaur (D:14)
  2 white imps (IceCv)
  6 ufetubi (IceCv)
  A briar patch (Swamp:3)
  16 foxfires
  55 fungi
  143 plants
  9 toadstools (Swamp:3)
236 creatures vanquished.

Grand Total: 1411 creatures vanquished

Notes
Turn   | Place    | Note
-------+----------+-------------------------------------------
     0 | D:1      | gnollp the Gnoll Ice Elementalist began the quest for the
                  | Orb.
     0 | D:1      | Reached XP level 1. HP: 13/13 MP: 6/6
   188 | D:1      | Reached XP level 2. HP: 10/19 MP: 5/7
   621 | D:1      | Reached XP level 3. HP: 9/25 MP: 6/9
   990 | D:1      | Reached skill level 5 in Spellcasting
  1361 | D:2      | Learned a level 3 spell: Frozen Ramparts
  1427 | D:2      | Reached skill level 1 in Invocations
  1531 | D:2      | Reached skill level 1 in Fighting
  1531 | D:2      | Reached skill level 1 in Short Blades
  1531 | D:2      | Reached skill level 1 in Long Blades
  1531 | D:2      | Reached skill level 1 in Axes
  1531 | D:2      | Reached skill level 1 in Maces & Flails
  1531 | D:2      | Reached skill level 1 in Polearms
  1531 | D:2      | Reached skill level 1 in Staves
  1531 | D:2      | Reached skill level 1 in Slings
  1531 | D:2      | Reached skill level 1 in Bows
  1531 | D:2      | Reached skill level 1 in Crossbows
  1531 | D:2      | Reached skill level 1 in Throwing
  1531 | D:2      | Reached skill level 1 in Armour
  1531 | D:2      | Reached skill level 1 in Shields
  1531 | D:2      | Reached skill level 1 in Unarmed Combat
  1531 | D:2      | Reached skill level 1 in Evocations
  1645 | D:2      | Reached XP level 4. HP: 30/32 MP: 7/11
  1722 | D:2      | Found a sacrificial altar of Ru.
  1729 | D:2      | Found an ancient bone altar of Kikubaaqudgha.
  1993 | D:3      | Reached skill level 1 in Conjurations
  1993 | D:3      | Reached skill level 1 in Hexes
  1993 | D:3      | Reached skill level 1 in Summonings
  1993 | D:3      | Reached skill level 1 in Necromancy
  1993 | D:3      | Reached skill level 1 in Translocations
  1993 | D:3      | Reached skill level 1 in Transmutations
  1993 | D:3      | Reached skill level 1 in Fire Magic
  1993 | D:3      | Reached skill level 1 in Air Magic
  1993 | D:3      | Reached skill level 1 in Earth Magic
  1993 | D:3      | Reached skill level 1 in Poison Magic
  2013 | D:3      | Noticed an ogre
  2023 | D:3      | Killed an ogre
  2024 | D:3      | Reached XP level 5. HP: 37/37 MP: 5/12
  2128 | D:3      | Reached XP level 6. HP: 30/44 MP: 5/13
  2571 | D:3      | Reached skill level 5 in Dodging
  2633 | D:3      | Found a transporter.
  2639 | D:3      | Found a transporter.
  2645 | D:3      | Learned a level 4 spell: Summon Ice Beast
  2646 | D:3      | Noticed an orc warrior
  2651 | D:3      | Found a hazy altar of Hepliaklqana.
  2685 | D:3      | Found an iron altar of Okawaru.
  2816 | D:3      | Found a shimmering altar of Xom.
  2951 | D:3      | Noticed Grinder
  2964 | D:3      | Paralysed by Grinder for 7 turns
  2974 | D:3      | Paralysed by Grinder for 7 turns
  2982 | D:3      | HP: 1/44 [Grinder (5)]
  2990 | D:3      | Killed Grinder
  2991 | D:3      | Reached XP level 7. HP: 26/51 MP: 10/15
  3799 | D:4      | Reached skill level 5 in Stealth
  4354 | D:4      | Found a blossoming altar of Fedhas.
  4356 | D:4      | Noticed Ijyb
  4375 | D:4      | Killed Ijyb
  4789 | D:5      | Entered Level 5 of the Dungeon
  4796 | D:5      | You fall into a shaft and drop 2 floors!
  4800 | D:7      | Noticed Dowan
  4870 | D:5      | Noticed Sigmund
  4880 | D:5      | Killed Sigmund
  4881 | D:5      | Reached XP level 8. HP: 41/58 MP: 10/16
  5078 | D:5      | Found a glowing drain.
  5092 | Sewer    | Entered a sewer
  6216 | D:5      | Found a broken altar of Ashenzari.
  6814 | D:4      | Got a brightly glowing scale mail
  6825 | D:4      | Identified the +1 scale mail of Time Monsters {rC++ Int+2}
                  | (You found it on level 4 of the Dungeon)
  7087 | D:6      | Reached XP level 9. HP: 34/65 MP: 11/18
  8515 | D:7      | Noticed Duvessa
  8531 | D:7      | Killed Duvessa
  8660 | D:7      | Killed Dowan
  8736 | D:7      | Found a staircase to the Ecumenical Temple.
  8794 | Temple   | Entered the Ecumenical Temple
  8921 | Temple   | Became a worshipper of Cheibriados the Contemplative
  9094 | D:7      | Found a stormy altar of Qazlal.
  9432 | D:7      | Found a broken altar of Ashenzari.
  9530 | D:7      | Found a runed translucent door.
  9531 | D:7      | Noticed Crazy Yiuf
  9540 | D:7      | Killed Crazy Yiuf
  9574 | D:8      | Noticed a komodo dragon
  9576 | D:8      | Reached skill level 5 in Invocations
  9592 | D:8      | Reached * piety under Cheibriados
  9874 | D:8      | Noticed a moth of wrath
  9875 | D:8      | Found a bloodstained altar of Trog.
  9875 | D:8      | Noticed TheFalseGod1234's ghost (novice GnIE)
  9896 | D:8      | Reached XP level 10. HP: 73/73 MP: 20/20
 10015 | D:8      | Reached skill level 5 in Fighting
 10015 | D:8      | Reached skill level 5 in Short Blades
 10015 | D:8      | Reached skill level 5 in Long Blades
 10015 | D:8      | Reached skill level 5 in Axes
 10015 | D:8      | Reached skill level 5 in Maces & Flails
 10015 | D:8      | Reached skill level 5 in Polearms
 10015 | D:8      | Reached skill level 5 in Staves
 10015 | D:8      | Reached skill level 5 in Slings
 10015 | D:8      | Reached skill level 5 in Bows
 10015 | D:8      | Reached skill level 5 in Crossbows
 10015 | D:8      | Reached skill level 5 in Throwing
 10015 | D:8      | Reached skill level 5 in Armour
 10015 | D:8      | Reached skill level 5 in Shields
 10015 | D:8      | Reached skill level 5 in Unarmed Combat
 10015 | D:8      | Reached skill level 5 in Evocations
 10241 | D:8      | Reached ** piety under Cheibriados
 10391 | D:8      | Found an opulent altar of Gozag.
 10425 | D:8      | Found a transporter.
 10427 | D:8      | Found a transporter.
 10690 | D:9      | Found a shadowy altar of Dithmenos.
 10789 | D:9      | Found a glowing golden altar of the Shining One.
 10792 | D:9      | Noticed Gastronok
 10814 | D:9      | Killed Gastronok
 10958 | D:9      | Found a staircase to the Orcish Mines.
 10961 | D:9      | Reached *** piety under Cheibriados
 10964 | D:9      | Reached XP level 11. HP: 81/81 MP: 22/22
 11404 | D:9      | Reached skill level 5 in Conjurations
 11404 | D:9      | Reached skill level 5 in Hexes
 11404 | D:9      | Reached skill level 5 in Summonings
 11404 | D:9      | Reached skill level 5 in Necromancy
 11404 | D:9      | Reached skill level 5 in Translocations
 11404 | D:9      | Reached skill level 5 in Transmutations
 11404 | D:9      | Reached skill level 5 in Fire Magic
 11404 | D:9      | Reached skill level 5 in Air Magic
 11404 | D:9      | Reached skill level 5 in Earth Magic
 11404 | D:9      | Reached skill level 5 in Poison Magic
 11510 | D:9      | Found a staircase to the Lair.
 11556 | D:9      | Reached **** piety under Cheibriados
 11823 | D:10     | Entered Level 10 of the Dungeon
 12166 | D:10     | Noticed Nergalle
 12179 | D:10     | Killed Nergalle
 12276 | D:10     | Reached ***** piety under Cheibriados
 12507 | D:10     | Found a roughly hewn altar of Beogh.
 12773 | Lair:1   | Entered Level 1 of the Lair of Beasts
 13452 | Lair:1   | Got a bloodstained falchion
 13453 | Lair:1   | Identified the +9 falchion of Malaise {pain, Dex+5} (You
                  | found it on level 1 of the Lair of Beasts)
 13477 | Lair:2   | Noticed a six-headed hydra
 13580 | Lair:2   | Killed a six-headed hydra
 13716 | Lair:2   | Noticed a six-headed hydra
 13725 | Lair:2   | Killed a six-headed hydra
 13816 | Lair:2   | Noticed a six-headed hydra
 13827 | Lair:2   | Killed a six-headed hydra
 13828 | Lair:2   | Reached XP level 12. HP: 73/89 MP: 12/24
 13950 | Lair:2   | Learned a level 5 spell: Borgnjor's Vile Clutch
 14363 | Lair:2   | Found a hole to the Spider Nest.
 14478 | Lair:2   | Found a runed translucent door.
 14480 | Lair:2   | Found a shimmering altar of Xom.
 14480 | Lair:2   | Noticed Elebi's ghost (journeyman DrTm)
 14482 | Lair:2   | Noticed a +0 rapier of chaos
 14504 | Lair:2   | Noticed Sonja
 14512 | Lair:2   | Killed Sonja
 15293 | Lair:3   | Noticed a five-headed hydra
 15301 | Lair:3   | Killed a five-headed hydra
 16099 | Lair:4   | Noticed a catoblepas
 16108 | Lair:4   | Killed a catoblepas
 16133 | Lair:4   | Noticed an eight-headed hydra
 16135 | Lair:4   | Reached XP level 13. HP: 98/98 MP: 24/26
 16258 | Lair:4   | Noticed Rupert
 16267 | Lair:4   | Killed Rupert
 16924 | Lair:4   | Found a staircase to the Swamp.
 17575 | Lair:5   | Noticed Ribudoz's ghost (journeyman GnFi)
 17589 | Lair:4   | Reached skill level 10 in Ice Magic
 18803 | Lair:5   | Reached ****** piety under Cheibriados
 18810 | Lair:5   | Reached skill level 10 in Spellcasting
 19434 | Lair:5   | Found a runed translucent door.
 19868 | Lair:6   | Entered Level 6 of the Lair of Beasts
 19888 | Lair:5   | Reached XP level 14. HP: 99/106 MP: 25/28
 19922 | Lair:6   | Reached skill level 10 in Dodging
 20503 | Lair:6   | Reached skill level 10 in Stealth
 21003 | Lair:6   | Reached skill level 10 in Invocations
 21895 | Orc:1    | Entered Level 1 of the Orcish Mines
 22180 | Orc:2    | Entered Level 2 of the Orcish Mines
 22180 | Orc:2    | Found a staircase to the Elven Halls.
 22331 | Orc:1    | Found Ysyf's Antique Weapon Emporium.
 22579 | Orc:1    | Found the +10 tower shield of Ignorance {rN+ Int-4}
 22583 | Orc:1    | Found a runed translucent door.
 22601 | Orc:1    | Found a runed translucent door.
 23891 | Orc:2    | Found Pux Lun's Weapon Shop.
 23894 | Orc:2    | Found Cicig's Assorted Antiques.
 23895 | Orc:2    | Found Afeuryf's Magic Scroll Shop.
 23896 | Orc:2    | Found Iceor's Antique Weapon Boutique.
 23899 | Orc:2    | Bought a scroll of blinking for 90 gold pieces
 23899 | Orc:2    | Bought a scroll of blinking for 90 gold pieces
 23899 | Orc:2    | Bought a scroll of teleportation for 36 gold pieces
 23900 | Orc:2    | Bought a potion of heal wounds for 155 gold pieces
 23903 | Orc:2    | Bought a +0 broad axe for 52 gold pieces
 24387 | Orc:1    | Bought an encrusted great sword for 299 gold pieces
 24387 | Orc:1    | Identified the cursed +2 great sword of Othruw {spect,
                  | rElec Int-2 Dex+6} (You bought it in a shop on level 1 of
                  | the Orcish Mines)
 24715 | D:11     | Reached XP level 15. HP: 104/115 MP: 29/29
 26456 | D:12     | Found Merua's Assorted Antiques.
 26484 | D:12     | You fall into a shaft and drop 1 floor!
 27786 | D:12     | Reached skill level 10 in Fighting
 27786 | D:12     | Reached skill level 10 in Short Blades
 27786 | D:12     | Reached skill level 10 in Long Blades
 27786 | D:12     | Reached skill level 10 in Axes
 27786 | D:12     | Reached skill level 10 in Maces & Flails
 27786 | D:12     | Reached skill level 10 in Polearms
 27786 | D:12     | Reached skill level 10 in Staves
 27786 | D:12     | Reached skill level 10 in Slings
 27786 | D:12     | Reached skill level 10 in Bows
 27786 | D:12     | Reached skill level 10 in Crossbows
 27786 | D:12     | Reached skill level 10 in Throwing
 27786 | D:12     | Reached skill level 10 in Armour
 27786 | D:12     | Reached skill level 10 in Shields
 27786 | D:12     | Reached skill level 10 in Unarmed Combat
 27786 | D:12     | Reached skill level 10 in Evocations
 28056 | D:12     | Learned a level 6 spell: Freezing Cloud
 28079 | D:12     | You fall into a shaft and drop 3 floors!
 28079 | D:15     | Entered Level 15 of the Dungeon
 28269 | D:14     | Noticed Louise
 28289 | D:14     | Killed Louise
 28751 | D:12     | Bought a scroll labelled QIALUE VA ZOCU for 31 gold pieces
 28751 | D:12     | Bought a leatherbound book for 465 gold pieces
 28751 | D:12     | Bought a scroll labelled NIAGUA ATIGUXOS for 31 gold pieces
 28752 | D:12     | Acquired a +0 pair of gloves of strength
 30272 | D:14     | Found a gate to the Vaults.
 30290 | D:14     | Noticed Agnes
 30295 | D:14     | Killed Agnes
 30840 | D:14     | Found a hide-covered altar of Uskayaw.
 32303 | D:15     | Reached XP level 16. HP: 106/123 MP: 31/31
 32602 | D:15     | Found a staircase to the Depths.
 33004 | Spider:1 | Entered Level 1 of the Spider Nest
 33422 | Spider:1 | Noticed Frances
 33823 | Lair:2   | Killed Frances
 34213 | Spider:1 | Found a transporter.
 34216 | Spider:1 | Found a transporter.
 34216 | Spider:1 | Noticed Beorghan's ghost (adept MiBe)
 35097 | Spider:2 | Found a frozen archway.
 35111 | IceCv    | Entered an ice cave
 37777 | Spider:2 | Learned a level 2 spell: Blink
 39655 | Spider:3 | Reached XP level 17. HP: 131/131 MP: 33/33
 40283 | Spider:4 | Entered Level 4 of the Spider Nest
 42527 | Spider:4 | Got a gossamer rune of Zot
 42879 | Swamp:1  | Entered Level 1 of the Swamp
 42883 | Swamp:1  | Noticed Donald
 42895 | Swamp:1  | Killed Donald
 42896 | Swamp:1  | Reached skill level 10 in Conjurations
 42896 | Swamp:1  | Reached skill level 10 in Hexes
 42896 | Swamp:1  | Reached skill level 10 in Summonings
 42896 | Swamp:1  | Reached skill level 10 in Necromancy
 42896 | Swamp:1  | Reached skill level 10 in Translocations
 42896 | Swamp:1  | Reached skill level 10 in Transmutations
 42896 | Swamp:1  | Reached skill level 10 in Fire Magic
 42896 | Swamp:1  | Reached skill level 10 in Air Magic
 42896 | Swamp:1  | Reached skill level 10 in Earth Magic
 42896 | Swamp:1  | Reached skill level 10 in Poison Magic
 43398 | Swamp:1  | Noticed Nikola
 43406 | Swamp:1  | Killed Nikola
 45052 | Swamp:2  | Got a fine helmet
 45063 | Swamp:2  | Identified the +1 helmet "Dan Gerr" {*Corrode rF+ rC+} (You
                  | found it on level 2 of the Swamp)
 45259 | Swamp:2  | Reached XP level 18. HP: 113/140 MP: 20/34
 46774 | Swamp:3  | Identified The Arcane Arts in Simple Steps
 46780 | Swamp:3  | Learned a level 3 spell: Tukima's Dance
 47971 | Swamp:4  | Entered Level 4 of the Swamp
 49863 | Swamp:4  | HP: 2/140 [five-headed hydra simulacrum (10)]
 49863 | Swamp:4  | Annihilated by a five-headed hydra simulacrum

Illustrated notes

Levels and vault maps discovered:
D:1:      giann_bridges, layout_basic
D:2:      layout_basic, amethyst_overflow_temple_binary, minmay_vboxes
D:3:      minmay_diamond_boxcup, layout_loops_ring, okawaru_gym_becter,
          lemuel_round_altar, gammafunk_temple_overflow_arena, uniq_grinder
D:4:      layout_basic, lemuel_round_altar, uniq_ijyb
D:5:      layout_basic, lightli_sewer_entry_pipes, lemuel_statue_altar,
          uniq_sigmund
D:6:      wad_pebble_path, layout_loops_ring, nicolae_overflow_hidden_temple,
          chequers_mini_garden
D:7:      layout_basic, old_standard_altar, nicolae_qazlal_eye_of_the_storm,
          minmay_temple_entry_poolview, enter_bailey_3,
          kennysheep_generic_room_12, uniq_crazy_yiuf_cottage, uniq_duvessa
D:8:      layout_rooms, kennysheep_mini_moat, gammafunk_ghost_wrathful_warriors
D:9:      layout_roguey, nicolae_dithmenos_shadow_blocks,
          nicolae_tso_besieged_by_evil, david_lair_shrubbed, uniq_gastronok
D:10:     layout_rooms, serial_curves, eino_curves_03, eino_curves_03,
          special_room [special_room_orc], uniq_nergalle
D:11:     layout_basic, minmay_misc_feat_square
D:12:     layout_cave_pools, serial_co_window_serial, co_window_paths_b,
          co_window_of_opportunity_a, co_window_paths_b, co_window_paths_a,
          co_window_cross_1, co_window_of_opportunity_c, co_window_corner_ca,
          co_window_unsneaky_path_d, co_window_paths_e, glass_columns_b,
          glass_columns_c, glass_columns_c, serial_shops, shop
D:13:     layout_basic
D:14:     layout_layer_cave, david_vaults_2, basic_altar, serial_ice,
          serial_ice_k, serial_ice_o, serial_ice_f, serial_ice_c, serial_ice_d,
          serial_ice_m, infiniplex_staircase_zigzag_4,
          nrook_guardian_serpent_double, uniq_agnes, uniq_louise
D:15:     grunt_enter_depths_snipers, layout_cave_pools
Temple:   nicolae_temple_figure_zero
Lair:1:   layout_gridlike, infiniplex_staircase_pool_2
Lair:2:   layout_cave_shapes, nicolae_spider_entry_tight_spaces,
          ebering_ghost_xom, minmay_hedge_maze, uniq_sonja
Lair:3:   layout_regular_city, chequers_serial_rivers_large_b,
          serial_bayou_shore_b
Lair:4:   layout_regular_city, skrybe_swamp_entry_bodies, uniq_rupert
Lair:5:   layout_cave_pods, special_room [special_room_mythical_zoo],
          hellmonk_ghost_happy_afterlife, beast_lair_carwin_4
Lair:6:   gammafunk_lair_ancient_temple, layout_small_grid,
          minmay_slime_entry_oklob_open
Swamp:1:  layout_basic_swamp, nicolae_swamp_round_clearing, uniq_nikola,
          uniq_donald
Swamp:2:  layout_falls_marsh, evilmike_swamp_ruin_house_6, swamp_pool1
Swamp:3:  cheibrodos_swamp_tower_of_moss, layout_falls_marsh, serial_swamp_ruin,
          evilmike_swamp_ruin_house_2, evilmike_swamp_ruin_house_3,
          evilmike_swamp_ruin_house_1, swamp_pool1, ldierk_geyser,
          hangedman_swamp_dais
Swamp:4:  swamp_icy, layout_basic_swamp, infiniplex_staircase_pool
Spider:1: layout_spider_delve, gammafunk_ghost_arena, uniq_frances
Spider:2: layout_chambers, portal_ice_cave_entry_ice_statue_two
Spider:3: layout_spider_delve, nicolae_looking_at_the_future
Spider:4: grunt_spider_rune_circles
Orc:1:    layout_caves, serial_shops, nicolae_shop_waterfront,
          chequers_guarded_unrand_ignorance
Orc:2:    st_orc_pillars, layout_caves

Skill      XL: |  1  2  3  4  5  6  7  8  9 10 11 12 13 14 15 16 17 18 |
---------------+-------------------------------------------------------+-----
Spellcasting   | 5 6 7 8 9 10 11 12 13 | 13.0
Invocations    | 1 2 3 4 5 6 7 8 9 10 11 12 13 | 13.2
Fighting       | 1 2 3 4 5 6 7 8 9 10 11 12 | 12.2
Short Blades   | 1 2 3 4 5 6 7 8 9 10 11 12 | 12.2
Long Blades    | 1 2 3 4 5 6 7 8 9 10 11 12 | 12.2
Axes           | 1 2 3 4 5 6 7 8 9 10 11 12 | 12.2
Maces & Flails | 1 2 3 4 5 6 7 8 9 10 11 12 | 12.2
Polearms       | 1 2 3 4 5 6 7 8 9 10 11 12 | 12.2
Staves         | 1 2 3 4 5 6 7 8 9 10 11 12 | 12.2
Slings         | 1 2 3 4 5 6 7 8 9 10 11 12 | 12.2
Bows           | 1 2 3 4 5 6 7 8 9 10 11 12 | 12.2
Crossbows      | 1 2 3 4 5 6 7 8 9 10 11 12 | 12.2
Throwing       | 1 2 3 4 5 6 7 8 9 10 11 12 | 12.2
Armour         | 1 2 3 4 5 6 7 8 9 10 11 12 | 12.2
Shields        | 1 2 3 4 5 6 7 8 9 10 11 12 | 12.2
Unarmed Combat | 1 2 3 4 5 6 7 8 9 10 11 12 | 12.2
Evocations     | 1 2 3 4 5 6 7 8 9 10 11 12 | 12.2
Conjurations   | 1 2 3 4 5 6 7 8 9 10 | 10.5
Hexes          | 1 2 3 4 5 6 7 8 9 10 | 10.5
Summonings     | 1 2 3 4 5 6 7 8 9 10 | 10.5
Necromancy     | 1 2 3 4 5 6 7 8 9 10 | 10.5
Translocations | 1 2 3 4 5 6 7 8 9 10 | 10.5
Transmutations | 1 2 3 4 5 6 7 8 9 10 | 10.5
Fire Magic     | 1 2 3 4 5 6 7 8 9 10 | 10.5
Air Magic      | 1 2 3 4 5 6 7 8 9 10 | 10.5
Earth Magic    | 1 2 3 4 5 6 7 8 9 10 | 10.5
Poison Magic   | 1 2 3 4 5 6 7 8 9 10 | 10.5
Dodging        | 5 6 7 8 9 10 11 12 | 12.9
Stealth        | 5 6 7 8 9 10 11 12 | 12.8
Ice Magic      | 8 9 10 11 12 | 12.4

Action                   |  1- 3 |  4- 6 |  7- 9 | 10-12 | 13-15 | 16-18 || total
-------------------------+-------+-------+-------+-------+-------+-------++-------
Melee: Short sword       |    61 |     1 |       |       |       |       ||    62
       Unarmed           |     1 |       |       |       |       |       ||     1
       Bite              |     3 |     6 |    53 |   121 |   283 |   166 ||   632
       Hand axe          |       |    50 |    54 |       |       |       ||   104
       Punch             |       |     1 |    10 |    31 |    58 |       ||   100
       War axe           |       |       |   218 |       |       |       ||   218
       Trident           |       |       |   104 |       |       |       ||   104
       Flail             |       |       |    87 |    77 |    23 |       ||   187
       Scimitar          |       |       |       |   223 |       |       ||   223
       Falchion          |       |       |       |   118 |   549 |    38 ||   705
       Great sword       |       |       |       |       |   363 |       ||   363
       Broad axe         |       |       |       |       |       |   782 ||   782
 Cast: Freeze            |    15 |    32 |    88 |    11 |     3 |       ||   149
       Frozen Ramparts   |     2 |     6 |    13 |    22 |     8 |       ||    51
       Summon Ice Beast  |       |       |     1 |    17 |    43 |       ||    61
       Borgnjor's Vile C |       |       |       |       |    32 |   141 ||   173
       Freezing Cloud    |       |       |       |       |       |     6 ||     6
Invok: Slouch            |       |       |       |     4 |     9 |     8 ||    21
       Step From Time    |       |       |       |       |       |     2 ||     2
Evoke: Wand              |       |     2 |     1 |     4 |     4 |    11 ||    22
       Phantom mirror    |       |       |       |       |       |     1 ||     1
  Use: Potion            |       |     4 |     1 |     1 |     8 |     7 ||    21
       Scroll            |       |       |     5 |     9 |    16 |    12 ||    42
 Stab: Sleeping          |     9 |       |    15 |     9 |    27 |    22 ||    82
       Distracted        |       |     1 |     2 |     4 |    13 |     5 ||    25
       Invisible         |       |       |       |       |     1 |    12 ||    13
       Held in net/web   |       |       |       |       |       |     2 ||     2
Armor: Robe              |     3 |       |       |       |       |       ||     3
       Ring mail         |    11 |    16 |    75 |   172 |   272 |   247 ||   793
       Leather armour    |       |       |    49 |       |       |       ||    49
       Scale mail        |       |       |    34 |       |       |       ||    34
Dodge: Dodged            |    38 |    58 |   451 |   483 |  1263 |   938 ||  3231
Block: Tower shield      |       |       |       |       |    31 |   941 ||   972
       Kite shield       |       |       |       |       |       |   254 ||   254
       Reflection        |       |       |       |       |       |     8 ||     8
       Rpst.: Scimitar   |       |       |       |    73 |       |       ||    73
       Falchion          |       |       |       |    38 |   186 |       ||   224
       Great sword       |       |       |       |       |   120 |       ||   120

Table legend: (Time is in decaauts)
 A = Elapsed time spent in this place.
 B = Non-inter-level travel time spent in this place.
 C = Inter-level travel time spent in this place.
 D = Time resting spent in this place.
 E = Time spent auto-exploring this place.
 F = Levels seen in this place.
 G = Mean time per level.
                   A        B        C        D        E       F      G
               +--------+--------+--------+--------+--------+-----+--------+
         Total |  64649 |  61385 |   3264 |  21249 |  29904 |  34 | 1901.4 |
       Dungeon |  25297 |  23579 |   1718 |   6976 |  12516 |  15 | 1686.5 |
        Temple |    142 |    109 |     33 |      0 |    107 |   1 |  142.0 |
          Lair |  13970 |  13180 |    790 |   4159 |   7199 |   6 | 2328.3 |
         Swamp |   9023 |   8854 |    169 |   4338 |   3329 |   4 | 2255.8 |
   Spider Nest |   9907 |   9555 |    352 |   3317 |   4629 |   4 | 2476.8 |
  Orcish Mines |   3487 |   3287 |    200 |   1082 |   1539 |   2 | 1743.5 |
         Sewer |    958 |    958 |      0 |    342 |    278 |   1 |  958.0 |
      Ice Cave |   1862 |   1862 |      0 |   1035 |    305 |   1 | 1862.0 |
               +--------+--------+--------+--------+--------+-----+--------+

Top non-repeatable levels by time:
    D:14: 4270 daAuts
  Lair:4: 3125 daAuts
 Swamp:3: 2941 daAuts
Spider:4: 2715 daAuts
  Lair:2: 2671 daAuts
Spider:3: 2647 daAuts
Spider:2: 2633 daAuts
  Lair:6: 2541 daAuts
   Orc:2: 2504 daAuts
 Swamp:2: 2439 daAuts
  Lair:5: 2408 daAuts
    D:11: 2098 daAuts
    D:12: 2092 daAuts
 Swamp:1: 2019 daAuts
    D:13: 1985 daAuts
